[Event "Rapid Shavuot-A 2023"]
[Site "Ramat Gan"]
[Date "2023.05.25"]
[Round "2.18"]
[White "Michaeli, Omri"]
[Black "Iliaguev, Daniel"]
[Result "1-0"]
[ECO "C17"]
[WhiteElo "1874"]
[BlackElo "2134"]
[Annotator "TA"]
[PlyCount "141"]
[EventDate "2023.05.19"]
[EventType "swiss"]
[EventCountry "ISR"]
[SourceTitle "playchess.com"]
[Source "ChessBase"]
[SourceQuality "1"]
[TimeControl "900+5"]

1. e4 e6 2. d4 d5 3. Nc3 Bb4 4. e5 Ne7 5. Qg4 c5 6. a3 Qa5 7. Bd2 {[%emt 0:01:35] C17: French: 3 Nc3 Bb4 4 e5 c5 sidelines.} (7. axb4 Qxa1 8. Kd1 (8. Nge2 $2 cxd4 9. Nb5 O-O $19) 8... O-O 9. bxc5 b6 $17) 7... cxd4 8. Qxd4 (8. axb4 Qxa1+ 9. Nd1 Ng6 $17) (8. Qxg7 $2 Rg8 9. Qxh7 (9. axb4 $2 Qxa1+ 10. Nd1 Rxg7 $19) (9. Bb5+ $2 Bd7 $19) 9... dxc3 $19) 8... Nbc6 9. Qd3 {[%emt 0:00:31] Black is slightly better.} Nxe5 {[%emt 0:01:21] [#]} 10. Qb5+ $146 (10. Qg3 $1 $15 d4 11. Bb5+ Bd7 12. Qxe5 (12. Qxg7 $2 N7g6 $19) 12... dxc3 13. bxc3 Qxb5 14. Qxb5 Bxb5 15. cxb4) ({Predecessor:} 10. Qg3 d4 11. Bb5+ Kf8 12. axb4 Qxa1+ 13. Nd1 f6 14. f4 Nf5 15. Qb3 Ng4 16. Nf3 {0-1 Butunoi,A (2403)-Ertl,J (2234) AUT-chT2M 0708 2007 (8.2)}) 10... N5c6 $17 11. O-O-O Qxb5 12. Nxb5 Bxd2+ 13. Rxd2 O-O 14. Nf3 Bd7 15. h4 a6 16. Nc3 Rac8 17. h5 Rfd8 (17... f6 $142 18. Kb1 Na5) 18. Rh4 (18. h6 $17 {might work better.}) 18... b5 19. Kb1 Be8 20. g3 h6 21. Bh3 Na5 22. Ne5 (22. Na2 $17) 22... Nc4 $19 23. Nxc4 bxc4 ({Inferior is} 23... Rxc4 24. Rxc4 bxc4 25. g4 $17) 24. Ne2 Rb8 25. Ka2 e5 26. f4 f6 27. Be6+ Bf7 28. Bxf7+ Kxf7 29. fxe5 fxe5 30. Ng1 (30. Nc3 $142) 30... Rbc8 31. Nf3 c3 $2 (31... Ke6 $19 {White must now prevent ...Rf8.} 32. Rg4 Rf8) 32. Nxe5+ $11 Kg8 $1 33. Re2 cxb2 {[%emt 0:00:02] And now ...Nf5 would win.} (33... Nf5 $5 34. Rf4 Nxg3 $15) 34. Kxb2 (34. Rf4 {is interesting.} Rb8 35. Rb4 d4 36. Kxb2 Nd5 37. Rxb8 Rxb8+ 38. Kc1) 34... Rb8+ (34... Nf5 $15 35. Ra4 Re8 36. Rxa6 Nxg3) 35. Rb4 Rxb4+ 36. axb4 {[%emt 0:00:01][%mdl 4096] Endgame KRN-KRN} Nf5 {[%emt 0:00:04] [#]} (36... a5 $14) 37. Nc6 (37. g4 $1 $16 Nd4 38. Rd2) 37... Rd7 (37... Rd6 $11 38. Ne7+ Nxe7 39. Rxe7 d4) 38. g4 Nd6 (38... Rd6 $16) 39. Ne7+ $18 Kf7 40. Nxd5 Nb5 $2 (40... a5 41. Kb3 (41. bxa5 Nc4+ {[%mdl 64] Discovered Attack} 42. Kc3 Nxa5 $18) (41. Rf2+ Ke6 $16) 41... axb4 42. Kxb4 Nb7) 41. c4 Nd4 42. Rf2+ Ke6 43. Kc3 Ke5 44. Rd2 Nf3 (44... Nc6 $142 45. Ra2 Ra7) 45. Rf2 $2 ({White should try} 45. Re2+ $18 Kd6 46. Nb6) 45... Ng5 $2 (45... Nd4 $11 {and Black is okay.} 46. Rf1 Nc6 47. Rf5+ Ke4 48. Rf4+ Ke5) 46. Re2+ Kd6 47. Nb6 Rf7 48. c5+ Kc6 49. Nc4 Rf1 50. Ne5+ Kd5 51. Nd3 (51. Ng6 $16 Ne4+ 52. Kb2) 51... Ne4+ $14 52. Kb3 Rb1+ 53. Kc2 Rg1 $2 (53... Rf1 $16) 54. Nf4+ $18 Kd4 55. Ne6+ Ke5 56. Nxg7 Rxg4 57. Ne8 {[%emt 0:00:02] [#] aiming for c6.} Ke6 58. Nd6 Kd5 59. Rxe4 {[%emt 0:00:08] KRN-KR} Rg2+ 60. Kd3 Rh2 61. Rd4+ Kc6 62. Nf7 Rxh5 63. Rd6+ Kb5 64. Rxh6 {[%emt 0:00:03] White mates.} Rxh6 65. Nxh6 {[%emt 0:00:02] KN-KP} a5 66. Nf5 axb4 67. Kd4 b3 68. Nd6+ Kb4 69. Nc4 Kb5 70. Nb2 Kb4 71. c6 {[%emt 0:00:05] Quite a comeback for White.   Weighted Error Value: White=0.37/Black=0.39} 1-0

[Event "Rapid Shavuot-A 2023"]
[Site "Ramat Gan"]
[Date "2023.05.25"]
[Round "3.1"]
[White "Zanan, Evgeny"]
[Black "Veinberg, Nimrod"]
[Result "1/2-1/2"]
[ECO "A29"]
[WhiteElo "2485"]
[BlackElo "2410"]
[Annotator "RC"]
[PlyCount "21"]
[EventDate "2023.05.19"]
[EventType "swiss"]
[EventCountry "ISR"]
[SourceTitle "playchess.com"]
[Source "ChessBase"]
[SourceQuality "1"]
[TimeControl "900+5"]

1. c4 e5 2. Nc3 Nf6 3. g3 d5 4. cxd5 Nxd5 5. Bg2 Nb6 6. Nf3 Nc6 7. O-O Be7 8. d3 O-O 9. Be3 Re8 10. Rc1 Bf8 11. a3 1/2-1/2

[Event "Rapid Shavuot-A 2023"]
[Site "Ramat Gan"]
[Date "2023.05.25"]
[Round "3.2"]
[White "Aizenberg, Benny"]
[Black "Bronstein, Or"]
[Result "1-0"]
[ECO "B90"]
[WhiteElo "2403"]
[BlackElo "2463"]
[Annotator "TA"]
[PlyCount "81"]
[EventDate "2023.05.19"]
[EventType "swiss"]
[EventCountry "ISR"]
[SourceTitle "playchess.com"]
[Source "ChessBase"]
[SourceQuality "1"]
[TimeControl "900+5"]

1. e4 c5 2. Nf3 d6 3. d4 cxd4 4. Nxd4 Nf6 5. Nc3 a6 6. h3 e5 7. Nb3 Be6 {[%emt 0:00:08] 7...Be7 is the hot move. B90: Sicilian Najdorf: Unusual White 6th moves, 6 Be3 Ng4 and 6 Be3 e5.} 8. Be3 Be7 9. Qf3 b5 {[%emt 0:01:06] The position is equal.} 10. O-O-O (10. a4 $11) 10... b4 (10... O-O $15) 11. Nd5 $11 Nxd5 12. exd5 Bc8 {[%emt 0:00:01] [#]} 13. Qg3 $146 ({Predecessor:} 13. g4 O-O 14. Kb1 a5 15. Bd3 Ba6 16. Nd2 Nd7 17. Ne4 a4 18. h4 Qc7 19. Qe2 Bxd3 20. Qxd3 {0-1 Krzywda,A (2235)-Kelires,A (2538) EU-ch 23rd Vrnjacka Banja 2023 (1)}) 13... O-O 14. f4 Nd7 15. Bd3 a5 16. Rhf1 ({White should try} 16. fxe5 $15 Nxe5 17. Nd4) 16... a4 $17 17. Nd2 Qc7 18. fxe5 Nxe5 19. Bh6 {[%emt 0:00:22] [#]} (19. Kb1 $17 {was called for.}) 19... Ng6 $1 $19 (19... Nxd3+ 20. Kb1 g6 21. Qxd3 $14 (21. Bxf8 Nxb2 22. Bxe7 Nxd1 $15)) 20. Bg5 Bxg5 21. Qxg5 Ne5 22. Be2 (22. Nc4 {is a better defense.} b3 23. axb3 (23. cxb3 $2 Nxd3+ 24. Kb1 axb3 $19) 23... Nxd3+ 24. cxd3 (24. Rxd3 $2 axb3 25. Rg3 f5 $19)) 22... a3 {[%emt 0:00:30] ( -> ...axb2+)} 23. b3 Qc3 24. Ne4 Qb2+ 25. Kd2 Ra5 (25... Qxa2 $2 26. Rb1) (25... f5 $2 26. Nxd6 Qc3+ 27. Kc1 Qa1+ 28. Kd2 Qc3+ 29. Kc1 $19) (25... Qd4+ $142 26. Bd3 Nxd3 {[%mdl 64] Remove Defender} 27. cxd3 Qb2+ 28. Ke3 Qxa2 29. Nxd6 f6) 26. Ke1 Qxc2 $2 (26... Qxa2 $19 27. Qc1 Bb7 28. Nxd6 Bxd5) 27. Nxd6 $11 Qc3+ 28. Qd2 {[%emt 0:00:14] Really sharp!} Qg3+ ({Don't take} 28... Rxd5 29. Qxc3 Rxd1+ 30. Kxd1 $14) 29. Rf2 Ba6 $2 (29... Nf3+ $11 30. Bxf3 Qxd6) 30. Qxb4 (30. Nf5 $142 Qh2 31. Ne7+ (31. Qxb4 Qg1+ 32. Rf1 Qxg2 $11) 31... Kh8 32. Qf4 Qxf4 33. Rxf4) 30... Bxe2 (30... Nd3+ $16 31. Rxd3 (31. Bxd3 Rxd5 32. Bxh7+ {[%mdl 64] Discovered Attack} Kxh7 $14) 31... Bxd3 32. Qxa5 Bxe2) 31. Kxe2 $18 Ra6 $2 (31... Rfa8 32. Qf4 Qxf4 33. Rxf4 Rc5) 32. Nf5 {[%emt 0:00:11] Active counter play!} Qg5 33. Kf1 {[%emt 0:00:16] d6 would be deadly.} Re8 $2 (33... Rf6) 34. d6 {[%emt 0:00:11] Threatens to win with Ne7+.} g6 (34... Kh8 $142 35. Qc5 Nd7) 35. Qb5 {[%emt 0:00:15][%csl LRa6,LRe8][%cal Rb5e8] White is clearly winning.} Raa8 36. d7 Re6 {[%emt 0:00:07] [#]} 37. Nh6+ $1 {[%emt 0:01:36][%mdl 576] Deflection, Promotion} Kg7 {[%emt 0:00:08] [#]} (37... Qxh6 38. d8=R+) 38. Nxf7 $1 {[%emt 0:00:13][%mdl 576] Promotion} Qe7 (38... Qe3 39. d8=Q) 39. d8=Q Rxd8 40. Nxd8 Rd6 41. Re1 {[%emt 0:03:28] Ingenious play by Aizenberg!   Weighted Error Value: White=0.43/Black=0.52} 1-0

[Event "Rapid Shavuot-A 2023"]
[Site "Ramat Gan"]
[Date "2023.05.25"]
[Round "3.3"]
[White "Levin, Guy"]
[Black "Rozen, Eytan"]
[Result "0-1"]
[ECO "A92"]
[WhiteElo "2424"]
[BlackElo "2417"]
[Annotator "TA"]
[PlyCount "142"]
[EventDate "2023.05.19"]
[EventType "swiss"]
[EventCountry "ISR"]
[SourceTitle "playchess.com"]
[Source "ChessBase"]
[SourceQuality "1"]
[TimeControl "900+5"]

1. d4 e6 2. Nf3 f5 3. c4 Nf6 4. Nc3 Be7 5. g3 O-O 6. Bg2 Ne4 7. Qc2 {[%emt 0:00:27] A92: Classical Dutch: Classical Stonewall (with ...Be7): Early deviations.} Nxc3 8. Qxc3 d6 9. h4 {[%emt 0:00:25] White has an edge.} Bf6 10. Bg5 {[%emt 0:00:02] [#]} Nc6 $146 ({Predecessor:} 10... Nd7 11. O-O-O h6 12. Bxf6 Qxf6 13. h5 c6 14. e3 e5 15. Nh4 Re8 16. Bh3 Nf8 {1-0 Sanders,I (1989)-Alderson,J Leicester Atkins Memorial op 2010 (3)}) 11. O-O-O h6 12. Bxf6 Qxf6 13. e3 a5 14. a3 e5 15. h5 e4 16. Nh4 Ne7 17. Bf1 c6 18. Ng2 Be6 19. Nf4 Bf7 20. c5 Nd5 21. Nxd5 cxd5 22. Kb1 $1 dxc5 23. Qxc5 Rfc8 24. Qb5 Rc6 (24... Qd6 $11) 25. Be2 ({White has to play} 25. Qxb7 $16 Rcc8 26. Rc1) 25... Rb6 $11 26. Qc5 Rc6 27. Qb5 Rb6 28. Qd7 Qc6 {[%emt 0:01:46] Dodges Rc1} 29. Qxc6 Rxc6 30. Bb5 Rc7 31. Rc1 Rac8 32. Bd7 {[%emt 0:00:18][%mdl 64] [#] Double Attack} Rxc1+ 33. Rxc1 Rxc1+ 34. Kxc1 Bxh5 35. Bxf5 {[%emt 0:00:21][%mdl 4096] Endgame KB-KB} Kf7 36. Kd2 Kf6 37. Bc8 b6 38. b4 axb4 39. axb4 Bf7 40. Ke2 Be6 41. Bb7 h5 42. f3 exf3+ 43. Kxf3 g5 44. e4 dxe4+ 45. Kxe4 h4 46. gxh4 gxh4 47. Kf4 Bd7 48. Be4 h3 49. Kg3 Ke7 50. Bf3 Kd6 51. Be4 Be6 52. Bf3 Bc8 53. Be4 Bd7 54. Bf3 Bc6 {[%emt 0:00:09] ( -> ...Bxf3)} 55. Bh5 (55. Bxc6 {leads to mate.} Kxc6 56. Kh2 b5 57. Kxh3 Kd5 58. Kg3 Kxd4 59. Kf2 Kc4 60. Ke3 Kxb4 61. Kd4 Kb3 62. Kd3 b4 63. Kd2 Ka2 64. Ke2 b3 65. Kf3 b2 66. Kg4 b1=Q 67. Kg5 Kb3 68. Kg4 Kc4 69. Kg5 Kd5 70. Kf6 Kd6 71. Kg5 Qe4 72. Kf6 Qg4 73. Kf7 Qg5 74. Kf8 Ke6 75. Ke8 Qg8#) 55... Bg2 56. Bf7 Bf1 (56... Bd5 $5 57. Bh5 Be4 $15) 57. Bg8 Bg2 58. Bf7 $1 Kc6 (58... Bd5 $5 59. Bg6 Bc4 $15) 59. Bc4 Bd5 {[%emt 0:00:08] Prevents Be6.} 60. Be2 {[%emt 0:00:09] [#] This move loses the game for White.} ({White must play} 60. b5+ $1 $15 Kd6 61. Bd3) 60... Be6 $1 $19 61. Bf3+ (61. d5+ {keeps fighting.} Kxd5 62. Kh2) 61... Kb5 62. d5 Bd7 63. Kf4 $2 (63. d6 $19) 63... Kxb4 {[%emt 0:00:05] Black mates.} 64. Ke5 Kc5 65. Ke4 Kd6 66. Kd4 Bb5 67. Ke4 Bc4 68. Kd4 Bf1 69. Ke3 Bg2 70. Bxg2 hxg2 71. Kf2 Kxd5 {[%emt 0:00:00] Weighted Error Value: White=0.15 (very precise) /Black=0.09 (flawless)} 0-1

[Event "Rapid Shavuot-A 2023"]
[Site "Ramat Gan"]
[Date "2023.05.25"]
[Round "3.4"]
[White "Zemach, Nadav"]
[Black "Mesropov, Konstantin"]
[Result "1/2-1/2"]
[ECO "A90"]
[WhiteElo "2383"]
[BlackElo "2437"]
[Annotator "TA"]
[PlyCount "47"]
[EventDate "2023.05.19"]
[EventType "swiss"]
[EventCountry "ISR"]
[SourceTitle "playchess.com"]
[Source "ChessBase"]
[SourceQuality "1"]
[TimeControl "900+5"]

1. d4 d5 2. c4 e6 3. Nf3 c6 4. Nbd2 f5 5. g3 Nf6 6. Bg2 Bd6 7. Ne5 O-O 8. O-O Nbd7 9. Ndf3 {[%emt 0:00:30] A90: Dutch Defence: Miscellaneous and Modern Stonewall (with ...Bd6).} Ne4 10. Qb3 {[%emt 0:00:06] [#]} Qe7 $146 ({Predecessor:} 10... Ndf6 11. Nd3 Nh5 12. Nfe5 Kh8 13. f3 Nexg3 14. hxg3 Nxg3 15. Rf2 Qh4 16. Bf4 Nh5 {1-0 Kaabi,M (2363)-Zaibi,A (2271) Algiers Ameyar Memorial-A 11th 2012 (6)}) 11. Rd1 {[%emt 0:00:41] White is slightly better.} Ndf6 12. h3 Rb8 (12... c5 $5 ) 13. Nd3 Nh5 14. Nfe5 Bd7 15. g4 (15. c5 $16 Bc7 16. Qa4) 15... fxg4 $11 16. hxg4 Qh4 {[%emt 0:01:24] And now ...dxc4 would win.} 17. gxh5 $2 {[%emt 0:01:11] [#]} (17. Nxd7 Qh2+ 18. Kf1 Nhg3+ 19. Ke1 Qg1+) (17. f3 $11 {and White has nothing to worry.}) 17... dxc4 $1 $19 18. Qxc4 Rxf2 19. Nxf2 $2 (19. Nxd7 $2 Qh2#) (19. Rf1 Rxf1+ 20. Bxf1 (20. Kxf1 Bxe5 21. Bxe4 Rf8+ 22. Bf3 b5 $19)) 19... Qxf2+ 20. Kh2 Qh4+ 21. Kg1 {[%emt 0:00:02] [#] Be3 would be deadly.} Qf2+ 22. Kh2 $1 {[%emt 0:00:01] aiming for Qd3.} (22. Kh1 $2 Rf8 $19) 22... Qg3+ 23. Kg1 Qf2+ ({Not} 23... Bxe5 24. dxe5 Qf2+ 25. Kh2 Qh4+ 26. Kg1 Qf2+ 27. Kh2 Qh4+ 28. Kg1 Qf2+ $11) (23... Rf8 $142 $1 {[%cal Rf8f2] ( -> ...Rf2!)} 24. Qb3 (24. Nxd7 $2 Qh2#) 24... Qf2+ 25. Kh2 (25. Kh1 $2 Rf5 $19) 25... Rf5) 24. Kh2 $1 {[%emt 0:00:01] Weighted Error Value: White=0.43/Black=0.46} ({Wrong is} 24. Kh1 $2 Rf8 $19) 1/2-1/2

[Event "Rapid Shavuot-A 2023"]
[Site "Ramat Gan"]
[Date "2023.05.25"]
[Round "3.5"]
[White "Mindlin, Alon"]
[Black "Levitan, Tal"]
[Result "1-0"]
[ECO "D55"]
[WhiteElo "2435"]
[BlackElo "2328"]
[Annotator "TA"]
[PlyCount "79"]
[EventDate "2023.05.19"]
[EventType "swiss"]
[EventCountry "ISR"]
[SourceTitle "playchess.com"]
[Source "ChessBase"]
[SourceQuality "1"]
[TimeControl "900+5"]

1. d4 d5 2. c4 e6 3. Nc3 Be7 4. Nf3 Nf6 5. Bg5 O-O 6. e3 b6 7. Bxf6 Bxf6 8. cxd5 exd5 9. b4 {[%emt 0:00:14] D55: Queen's Gambit Declined: 4 Bg5 Be7: Lines without ...h6 and 6...h6 7 Bxf6.} c5 10. bxc5 bxc5 11. Rc1 {[%emt 0:00:03][%cal Ba1c1,Bc1c3,Bc3d3,Bd3d2][%mdl 32] [#] The position is equal.} Bg4 $146 {[%emt 0:01:17] ...cxd4 is the strong threat.} ({Predecessor:} 11... c4 12. Be2 Bf5 13. O-O Nc6 14. Qa4 Qd7 15. Nd2 Rad8 16. Rfd1 Ne7 17. Qa5 Nc6 18. Qa4 Ne7 19. Qa5 Nc6 20. Qb5 Ne7 21. Qa5 {½-½ Gallasch,R (2035)-Skabs,D (2021) GER-chT U20 Muenster 2022 (3)}) 12. Be2 Nc6 13. O-O (13. dxc5 $16 {With the idea 0-0.} Qa5 14. Qd2) 13... cxd4 14. Nxd4 {[%emt 0:00:48][%cal Bf3d4,Bd4e2,Be2f4][%mdl 32] Excellent horsemanship.} Bxe2 15. Ndxe2 Bxc3 16. Rxc3 Rc8 17. Rd3 Qa5 18. Qd2 Qxd2 19. Rxd2 Ne7 20. Nf4 Rfd8 21. h4 g6 22. g3 Rc4 23. Rb1 Rd7 24. Nd3 {[%emt 0:00:53] And now Ne5 would win.} Rdc7 25. Nf4 Rc1+ 26. Rxc1 Rxc1+ $11 {[%emt 0:00:02][%mdl 4096] Endgame KRN-KRN} 27. Kg2 Rc5 28. Rb2 Rc7 {[%emt 0:00:07] Prevents Rb7} (28... Nc6 $11 {remains equal.}) 29. Rb8+ $16 Kg7 30. Rd8 {[%emt 0:00:02] White is more active.} Rc2 31. Rd7 (31. Nxd5 Nxd5 32. Rxd5 Rxa2 $11) 31... Nc6 32. Rc7 ({Of course not} 32. Rxd5 $6 Rxa2 33. Rc5 Nb4 $11) 32... d4 {[#]} 33. exd4 (33. Ne6+ $142 $1 Kf6 34. Nd8 {[%mdl 64] Pin} (34. Nxd4 $2 {too greedy.} Nxd4 35. Rxa7 Nf5 $19) 34... dxe3 35. Rxf7+ (35. Rxc6+ $2 Rxc6 36. f4 Rc7 $19) 35... Ke5 36. Nxc6+ Rxc6 37. fxe3 (37. Rxa7 exf2 38. Kxf2 Ke4 $16)) 33... Nxd4 34. Rxa7 Nf5 {[%emt 0:00:10] [#] Black cannot hold the game after this.} (34... Nb5 $16 35. Rd7 Rxa2) 35. Ne6+ $1 $18 Kf6 36. Ng5 Nd6 37. Nxh7+ Kg7 38. Ng5 Rb2 39. Rd7 Rd2 {[%emt 0:00:12] [#]} (39... Rb6 40. a4 Kf8) 40. Nxf7 $1 {[%emt 0:00:07][%mdl 512] Weighted Error Value: White=0.10 (very precise) /Black=0.24 (precise)} 1-0

[Event "Rapid Shavuot-A 2023"]
[Site "Ramat Gan"]
[Date "2023.05.25"]
[Round "3.6"]
[White "Kochavi, Ori"]
[Black "Zemach, Roee"]
[Result "1/2-1/2"]
[ECO "C78"]
[WhiteElo "2423"]
[BlackElo "2261"]
[Annotator "TA"]
[PlyCount "149"]
[EventDate "2023.05.19"]
[EventType "swiss"]
[EventCountry "ISR"]
[SourceTitle "playchess.com"]
[Source "ChessBase"]
[SourceQuality "1"]
[TimeControl "900+5"]

1. e4 e5 2. Nf3 Nc6 3. Bb5 a6 4. Ba4 Nf6 5. O-O b5 6. Bb3 Bc5 7. c3 d6 8. a4 Rb8 9. d4 Bb6 10. a5 $1 {[%emt 0:00:00] 10.a5 is better than 10.axb5. C78: Ruy Lopez: Archangelsk and Möller Defences.} Ba7 (10... Bxa5 $2 11. dxe5 (11. d5 Ne7 $18) 11... dxe5 12. Qxd8+ Kxd8 13. Bd5 (13. Bxf7 Bb6 $16) 13... Nxd5 14. exd5 $18) 11. h3 Bb7 12. Be3 {[%emt 0:00:47] White has an edge.} Nxe4 13. Nbd2 Nxd2 14. Qxd2 O-O 15. dxe5 dxe5 16. Qxd8 Rbxd8 17. Bxa7 Nxa7 18. Nxe5 {[%emt 0:00:01] Threatening Rad1.} Bd5 {[%emt 0:01:33] [#]} 19. Bxd5 $146 ({Predecessor:} 19. Bc2 Nc6 20. Nxc6 Bxc6 21. Rad1 Rfe8 22. Rxd8 Rxd8 23. Rd1 Rxd1+ 24. Bxd1 Kf8 25. f4 {1-0 Carlsen,M (2855)-Firouzja,A (2754) Norway Chess 9th 2021 (6)}) 19... Rxd5 20. Rfe1 f6 21. Nf3 Kf7 22. Red1 (22. Nd4 $11) 22... Rfd8 $15 23. Rxd5 Rxd5 {[%emt 0:00:02][%mdl 4096] Endgame KRN-KRN} 24. Kf1 c5 25. Ke2 Nc6 26. b3 Ke6 27. Ne1 b4 28. Nd3 {[%emt 0:00:01] And now Nf4+ would win.} Kd6 29. cxb4 cxb4 {[%emt 0:00:15] Hoping for ...Nd4+.} 30. Ra4 Rd4 31. Ke3 f5 32. Ra2 g5 33. g3 Rd5 34. Ra4 (34. f4 $11) 34... Rd4 (34... f4+ $5 35. gxf4 gxf4+ 36. Nxf4 Rxa5 $15) 35. Ra2 Re4+ 36. Kd2 Ne5 (36... h5 $5 ) 37. Nxe5 $1 Rxe5 $11 {[%emt 0:00:08] KR-KR} 38. Kd3 Rc5 39. Kd4 Rc3 40. Rd2 Rc5 (40... Rxb3 41. Kc4+ Kc6 42. Kxb3 $18) 41. Ra2 Re5 42. Kc4 Re4+ 43. Kd3 Ke5 44. Rc2 Rd4+ 45. Ke2 Kd6 46. Rc8 Rd5 47. Rb8 Rxa5 48. Rxb4 Rb5 49. Ra4 a5 50. Kd2 Rd5+ 51. Kc3 Kc6 52. h4 h6 53. hxg5 hxg5 54. g4 fxg4 55. Rxg4 Rf5 56. Rg3 Kd5 57. Rg2 $2 {[%emt 0:00:04][%mdl 8192] [#]} (57. Rd3+ $11 Ke5 58. Re3+ Kd5 59. Rg3) 57... Ke4 $1 $19 ({Worse is} 57... Rf3+ 58. Kc2 $11) 58. Rg3 {[%emt 0:00:07] [#]} Rc5+ $2 ({Black should play} 58... Rf3+ $1 $19 59. Kc4 Kf4) 59. Kb2 $11 {[%emt 0:00:03] The position is equal.} Kf4 60. Rd3 Re5 {[%emt 0:00:03] White must now prevent ...Re2+.} 61. Ka3 Re2 62. Ka4 Rxf2 63. Kxa5 g4 64. b4 g3 65. Rd8 g2 66. Rg8 Kf3 67. b5 Ra2+ 68. Kb6 Ra4 {[%emt 0:00:01] ( -> ...Rg4)} 69. Rxg2 $1 Kxg2 {[%emt 0:00:01] KR-KP} 70. Kc7 Kf3 71. b6 $1 Rc4+ 72. Kd7 ({Don't play} 72. Kb7 Ke4 73. Ka7 Ra4+ 74. Kb8 Kd5 $15) 72... Ke4 73. b7 Rb4 74. Kc8 Rxb7 75. Kxb7 {[%emt 0:00:41] Weighted Error Value: White=0.23 (precise) /Black=0.14 (very precise)} 1/2-1/2

[Event "Rapid Shavuot-A 2023"]
[Site "Ramat Gan"]
[Date "2023.05.25"]
[Round "3.7"]
[White "Iliaguev, Nisim"]
[Black "Dvoirys, Semen I."]
[Result "1/2-1/2"]
[ECO "D02"]
[WhiteElo "2402"]
[BlackElo "2470"]
[Annotator "TA"]
[PlyCount "71"]
[EventDate "2023.05.19"]
[EventType "swiss"]
[EventCountry "ISR"]
[SourceTitle "playchess.com"]
[Source "ChessBase"]
[SourceQuality "1"]
[TimeControl "900+5"]

1. d4 Nf6 2. g3 c5 3. Nf3 cxd4 4. Nxd4 d5 5. Bg2 e5 6. Nb3 Nc6 7. O-O {[%emt 0:00:04] D02: 1 d4 d5 2 Nf3 sidelines, including 2...Nf6 3 g3 and 2...Nf6 3 Bf4.} Be7 8. c4 dxc4 {[%emt 0:00:20] [#] ...Qxd1 would be deadly.} 9. Qxd8+ $146 ({Predecessor:} 9. N3d2 Be6 10. a3 O-O 11. Qc2 Nd4 12. Qd1 Qc7 13. Nc3 Rfd8 14. Qa4 a6 15. e3 {0-1 Kakulidis,E (2098)-Cramling Bellon,A (2035) Titled Tuesday intern op 10th Nov blitz 2020 (11)}) 9... Bxd8 10. N3d2 Nd4 11. Nc3 Be6 $36 {[%emt 0:01:36][%mdl 2048] Black is pushing.} 12. Bxb7 Rb8 13. Ba6 Ba5 (13... Nc2 $5 14. Rb1 Ba5 $15) 14. a4 (14. Bxc4 $11 Ke7 15. Bd3) 14... Bxc3 (14... Bh3 {is more complex.} 15. Nxc4 Bxc3 16. Nd6+ Kd7) 15. bxc3 Nxe2+ {[%emt 0:00:02] Excellent horsemanship.} 16. Kg2 Bd5+ 17. Kh3 Nxc1 (17... O-O {is interesting.} 18. Bxc4 Nxc3 19. Re1 Rfc8) 18. Raxc1 {[%emt 0:00:15] White is weak on the light squares} O-O 19. Bxc4 Rfc8 20. Bxd5 Nxd5 21. c4 Nb4 22. Ne4 Rc6 23. Rfd1 f5 24. Nd6 g6 25. f3 Kf8 26. c5 Na6 27. Rd5 Rd8 (27... Nb4 $5 28. Rd2 (28. Rxe5 $2 {too greedy.} Nd3 $19) 28... Ke7 $11) 28. Rxe5 Rxc5 {[%emt 0:00:10][%mdl 64] [#] Remove Defender} 29. Rcxc5 Nxc5 30. Rxc5 Rxd6 $14 {[%emt 0:00:02][%mdl 4096] Endgame KR-KR} 31. Rc7 Ra6 {[%emt 0:00:14] The position is equal.} 32. Rxh7 {[%emt 0:00:09] aiming for Kh4.} Rxa4 33. Rb7 g5 34. f4 {[%emt 0:00:47][%mdl 64] [#] Deflection} gxf4 35. gxf4 Rxf4 36. Rxa7 {[%emt 0:00:01] Weighted Error Value: White=0.15 (very precise) /Black=0.12 (very precise)} 1/2-1/2